BlackHawks vs Rangers

Created - 1 janvier 2021 at 20:59

Goals
1 2 3 T
BlackHawks 2 1 1 4
Rangers 0 4 2 6
Shots
1 2 3 T
BlackHawks 14 10 11 35
Rangers 5 10 8 23

1st period

1. BlackHawks , Anze Kopitar 17 (Justin Faulk 10, Phil Kessel 8) at 3:34 (PP)
2. BlackHawks , Anze Kopitar 18 (Jaden Schwartz 18) at 13:33 (PP)

Penalties :
Erik Cernak (NYR) for Hooking (Minor) at 3:03, Vincent Trocheck (NYR) for Tripping (Minor) at 13:27

2nd period

3. Rangers , Zach Hyman 13 (Connor McDavid 31, Ryan McDonagh 16) at 1:03
4. BlackHawks , Phillip Danault 4 (Kyle Palmieri 15) at 1:31
5. Rangers , Cam Atkinson 8 (David Savard 8, Vincent Trocheck 12) at 12:08
6. Rangers , Cam Atkinson 9 (Vincent Trocheck 13, Andrew Ladd 10) at 17:11
7. Rangers , Ryan McDonagh 6 (Vincent Trocheck 14, Noel Acciari 11) at 19:47 (PP)

Penalties :
Erik Johnson (CHI) for Holding (Minor) at 18:29

3rd period

8. Rangers , Matt Niskanen 4 (Alexander Radulov 18, Connor McDavid 32) at 0:30
9. BlackHawks , Curtis Lazar 4 (Brandon Carlo 9) at 8:36
10. Rangers , Cal Clutterbuck 2 (Vincent Trocheck 15, David Savard 9) at 9:46 (SH)

Penalties :
Brandon Carlo (CHI) for Roughing (Minor) at 1:07, Ryan McDonagh (NYR) for Hooking (Minor) at 9:17

Goalie Stats

Jake Allen (CHI), 6 saves from 7 shots - (0,857), 19:30 minutes
Jacob Markstrom (CHI), 11 saves from 16 shots - (0,688), L, 13-18-2, 40:30 minutes
Andrei Vasilevskiy (NYR), 31 saves from 35 shots - (0,886), W, 17-4-2, 60:00 minutes

Players Stats for BlackHawks

Player Name              G  A  P  +/- PIM S  H  SB GA TA FO     MP     PP MP  PK MP  
------------------------------------------------------------------------------------
Adam Larsson             0  0  0   1  0   0  4  0  0  0  0/0    19:37   0:59   1:26 
Anze Kopitar             2  0  2  -3  0   5  1  0  0  0  16/24  22:58   1:43   2:20 
Ben Hutton               0  0  0  -1  0   0  0  1  0  0  0/0    18:18   0:00   1:38 
Brandon Carlo            0  1  1   1  2   0  4  2  0  0  0/0    18:43   0:59   0:33 
Curtis Lazar             1  0  1   1  0   2  0  0  0  0  0/0     8:10   0:00   0:00 
Denis Malgin             0  0  0   1  0   2  0  0  0  0  0/0     8:27   0:17   0:00 
Erik Johnson             0  0  0  -3  2   0  3  1  0  0  0/0    22:57   1:37   1:06 
Ivan Barbashev           0  0  0   1  0   2  1  0  0  0  5/10   11:39   0:00   0:41 
Jaden Schwartz           0  1  1  -3  0   6  3  0  0  0  1/3    21:10   1:43   0:57 
Jake Virtanen            0  0  0   0  0   3  2  0  0  0  0/0    11:12   0:00   0:00 
Jared McCann             0  0  0  -1  0   1  0  0  0  0  6/16   11:58   0:17   0:00 
John Marino              0  0  0  -1  0   0  2  3  0  0  0/0    16:40   0:00   0:00 
Justin Faulk             0  1  1  -3  0   1  1  2  0  0  0/0    23:43   1:37   1:51 
Kyle Palmieri            0  1  1   0  0   3  0  0  0  0  0/0     7:04   0:00   0:00 
Lawson Crouse            0  0  0   0  0   2  1  0  0  0  1/3    17:17   0:36   0:00 
Phil Kessel              0  1  1  -3  0   0  0  0  0  0  0/2    21:10   1:43   0:57 
Phillip Danault          1  0  1  -1  0   5  2  1  0  0  9/22   18:47   0:53   1:39 
Scott Laughton           0  0  0  -1  0   3  3  0  0  0  0/0    16:51   0:36   0:00 

Players Stats for Rangers

Player Name              G  A  P  +/- PIM S  H  SB GA TA FO     MP     PP MP  PK MP  
------------------------------------------------------------------------------------
Alexander Radulov        0  1  1   1  0   1  2  0  0  0  1/2    21:18   2:07   0:00 
Andrew Ladd              0  1  1   1  0   2  1  0  0  0  0/0    15:32   1:10   0:00 
Brandon Pirri            0  0  0   0  0   0  0  0  0  0  2/9     9:58   0:00   0:00 
Cal Clutterbuck          1  0  1   1  0   2  1  0  0  0  0/1    12:22   0:00   1:46 
Cam Atkinson             2  0  2   1  0   4  0  0  0  0  0/1    16:29   2:07   0:00 
Connor McDavid           0  2  2   1  0   3  1  0  0  0  14/29  21:18   2:07   0:00 
David Savard             0  2  2   3  0   0  2  1  0  0  0/0    19:17   0:00   1:52 
Devin Shore              0  0  0   0  0   1  1  0  0  0  0/1     9:58   0:00   0:00 
Dmitry Kulikov           0  0  0   0  0   0  0  0  0  0  0/0    16:00   0:00   1:13 
Erik Cernak              0  0  0  -1  2   0  1  2  0  0  0/0    14:54   0:00   0:08 
Matt Niskanen            1  0  1   1  0   1  8  1  0  0  0/0    24:46   2:07   0:44 
Milan Lucic              0  0  0   0  0   0  3  0  0  0  0/0     9:58   0:00   0:00 
Nick Bonino              0  0  0   0  0   0  0  1  0  0  10/13  11:21   0:00   0:45 
Nick Leddy               0  0  0   1  0   0  1  1  0  0  0/0    24:46   2:07   0:44 
Noel Acciari             0  1  1   0  0   4  1  0  0  0  0/0    12:31   1:10   0:45 
Ryan McDonagh            1  1  2   2  2   1  0  0  0  0  0/0    19:05   1:10   0:31 
Vincent Trocheck         0  4  4   2  2   2  2  0  0  0  15/21  17:16   1:10   1:45 
Zach Hyman               1  0  1   1  0   2  2  0  0  0  0/3    20:32   1:10   0:11 

3 Stars

1 - Vincent Trocheck (NYR)
2 - Matt Niskanen (NYR)
3 - Cam Atkinson (NYR)

Power Play

BlackHawks - 2 on 3 Attempt(s) - 66,67%
Rangers - 1 on 2 Attempt(s) - 50,00%

Penalty Kill

BlackHawks - 1 on 2 Attempt(s) - 50,00% - Score 0 goal in Penalty Kill
Rangers - 1 on 3 Attempt(s) - 33,33% - Score 1 goal in Penalty Kill

Team Stat

BlackHawks - Hits : 27 - Faceoff Wins : 38 - Blocked Shots : 10 - Penalty Minutes : 4
Rangers - Hits : 26 - Faceoff Wins : 42 - Blocked Shots : 6 - Penalty Minutes : 6

Official

Referees : Stephen Hiff and Mike Campbell
Linesman : Andrew Smith and Jake Davis

Game Notes

Kyle Palmieri is injured at 4:36 of 2nd period (Right Knee)
Jake Allen enters game at 0:30 of 3rd period

Finance

Level 1 -- Attendance: 2877 (44,26%) -- Ticket Income 719 250 $
Level 2 -- Attendance: 2021 (40,42%) -- Ticket Income 363 780 $
Level 3 -- Attendance: 1730 (49,43%) -- Ticket Income 207 600 $
Level 4 -- Attendance: 2006 (100,00%) -- Ticket Income 100 300 $
Luxury Box -- Attendance: 453 (45,30%) -- Ticket Income 181 200 $
Game was played at the Madison Square Garden.
Total Attendance: 9087 (50,47%)
Total Ticket Income: 1 572 130 $
Other Income: 770 344 $
Total Income: 2 342 474 $

% Time on Ice - BlackHawks

Lines # - Real PCT - Wanted PCT - Time Play
Normal Forward
1 - 34% - 40% - 18:30
2 - 30% - 30% - 16:15
3 - 21% - 20% - 11:12
4 - 15% - 10% - 8:10
Normal Defense
1 - 34% - 40% - 18:08
2 - 32% - 30% - 17:12
3 - 31% - 20% - 16:40
4 - 4% - 10% - 2:07
PP Forward
1 - 66% - 60% - 1:43
2 - 34% - 40% - 0:53
PP Defense
1 - 62% - 60% - 1:37
2 - 38% - 40% - 0:59
PK Forward
1 - 71% - 60% - 2:20
2 - 29% - 40% - 0:57
PK Defense
1 - 56% - 60% - 1:51
2 - 44% - 40% - 1:26
PK3 Forward
1 - 0% - 60%
2 - 0% - 40%
PK3 Defense
1 - 0% - 60%
2 - 0% - 40%
44 Forward
1 - 0% - 60%
2 - 0% - 40%
44 Defense
1 - 0% - 60%
2 - 0% - 40%
Last Minute Offensive  - 0:00
Last Minute Defensive  - 0:00
Total
Forward - 60:00
Defense - 60:00

% Time on Ice - Rangers

Lines # - Real PCT - Wanted PCT - Time Play
Normal Forward
1 - 35% - 43% - 19:11
2 - 27% - 33% - 14:22
3 - 20% - 15% - 10:36
4 - 18% - 9% - 9:58
Normal Defense
1 - 40% - 44% - 21:55
2 - 32% - 33% - 17:25
3 - 27% - 23% - 14:47
4 - 0% - 0% - 0:00
PP Forward
1 - 64% - 53% - 2:07
2 - 36% - 47% - 1:10
PP Defense
1 - 64% - 53% - 2:07
2 - 36% - 47% - 1:10
PK Forward
1 - 71% - 55% - 1:51
2 - 29% - 45% - 0:45
PK Defense
1 - 28% - 55% - 0:44
2 - 72% - 45% - 1:52
PK3 Forward
1 - 0% - 55%
2 - 0% - 45%
PK3 Defense
1 - 0% - 55%
2 - 0% - 45%
44 Forward
1 - 0% - 55%
2 - 0% - 45%
44 Defense
1 - 0% - 55%
2 - 0% - 45%
Last Minute Offensive  - 0:00
Last Minute Defensive  - 0:00
Total
Forward - 60:00
Defense - 60:00

Play-by-Play

1st period


0:01 of 1st period - Jaden Schwartz wins face-off versus Connor McDavid in neutral zone.
0:06 of 1st period - Icing by Nick Leddy.
0:07 of 1st period - Phillip Danault wins face-off versus Connor McDavid in Rangers zone.
0:20 of 1st period - Shot by Scott Laughton.
0:20 of 1st period - Shot Misses the Net.
0:26 of 1st period - Brandon Carlo is hit by Zach Hyman and loses puck.
0:31 of 1st period - Shot by Connor McDavid.
0:31 of 1st period - Stopped by Jacob Markstrom without a rebound.
0:32 of 1st period - Vincent Trocheck wins face-off versus Jared McCann in BlackHawks zone.
0:33 of 1st period - Shot by Cam Atkinson.
0:33 of 1st period - Shot Misses the Net.
0:46 of 1st period - Lawson Crouse is hit by David Savard and loses puck.
0:50 of 1st period - Icing by David Savard.
0:51 of 1st period - Anze Kopitar wins face-off versus Vincent Trocheck in Rangers zone.
1:11 of 1st period - Shot by Vincent Trocheck.
1:11 of 1st period - Deflect By Cam Atkinson.
1:11 of 1st period - Shot Misses the Net.
1:44 of 1st period - Off-side.
1:45 of 1st period - Phillip Danault wins face-off versus Connor McDavid in neutral zone.
1:52 of 1st period - Shot by Scott Laughton.
1:52 of 1st period - Stopped by Andrei Vasilevskiy with a rebound.
2:15 of 1st period - Scott Laughton is hit by Matt Niskanen and loses puck.
2:50 of 1st period - Shot by Milan Lucic.
2:50 of 1st period - Shot Misses the Net.
3:03 of 1st period - Minor Penalty to Erik Cernak for Hooking.
3:04 of 1st period - Anze Kopitar wins face-off versus Vincent Trocheck in Rangers zone.
3:25 of 1st period - Phil Kessel is hit by David Savard and loses puck.
3:32 of 1st period - Shot by Anze Kopitar.
3:32 of 1st period - Shot Misses the Net.
3:34 of 1st period - Shot by Anze Kopitar.
3:34 of 1st period - Goal by Anze Kopitar - BlackHawks : 1 - Rangers : 0.
3:35 of 1st period - Ivan Barbashev wins face-off versus Brandon Pirri in neutral zone.
4:40 of 1st period - Matt Niskanen is hit by Ivan Barbashev.
4:52 of 1st period - Shot by Cam Atkinson.
4:52 of 1st period - Stopped by Jacob Markstrom without a rebound.
4:53 of 1st period - Anze Kopitar wins face-off versus Alexander Radulov in BlackHawks zone.
5:04 of 1st period - Connor McDavid is hit by Erik Johnson and loses puck.
5:27 of 1st period - Shot by Anze Kopitar.
5:27 of 1st period - Deflect By Jaden Schwartz.
5:27 of 1st period - Stopped by Andrei Vasilevskiy with a rebound.
6:06 of 1st period - Shot by Scott Laughton.
6:06 of 1st period - Stopped by Andrei Vasilevskiy with a rebound.
6:08 of 1st period - Shot by Phillip Danault.
6:08 of 1st period - Shot Misses the Net.
6:10 of 1st period - Shot by Phillip Danault.
6:10 of 1st period - Stopped by Andrei Vasilevskiy without a rebound.
6:11 of 1st period - Vincent Trocheck wins face-off versus Lawson Crouse in Rangers zone.
7:39 of 1st period - Shot by Anze Kopitar.
7:39 of 1st period - Shot Misses the Net.
7:54 of 1st period - Cal Clutterbuck is hit by Brandon Carlo.
9:03 of 1st period - Shot by Kyle Palmieri.
9:03 of 1st period - Stopped by Andrei Vasilevskiy without a rebound.
9:04 of 1st period - Ivan Barbashev wins face-off versus Connor McDavid in Rangers zone.
9:16 of 1st period - Off-side.
9:17 of 1st period - Nick Bonino wins face-off versus Jared McCann in neutral zone.
9:46 of 1st period - Shot by Lawson Crouse.
9:46 of 1st period - Shot Hit the Post.
9:48 of 1st period - Shot by Jared McCann.
9:48 of 1st period - Shot Blocked by Nick Bonino.
9:55 of 1st period - Icing by Erik Cernak.
9:56 of 1st period - Phillip Danault wins face-off versus Nick Bonino in Rangers zone.
9:59 of 1st period - Shot by Kyle Palmieri.
9:59 of 1st period - Stopped by Andrei Vasilevskiy without a rebound.
10:00 of 1st period - Connor McDavid wins face-off versus Phillip Danault in Rangers zone.
10:00 of 1st period - Connor McDavid is hit by Scott Laughton.
10:10 of 1st period - Shot by Kyle Palmieri.
10:10 of 1st period - Deflect By Phillip Danault.
10:10 of 1st period - Shot Hit the Post.
10:18 of 1st period - Shot by Scott Laughton.
10:18 of 1st period - Shot Misses the Net.
11:03 of 1st period - Shot by Jaden Schwartz.
11:03 of 1st period - Stopped by Andrei Vasilevskiy without a rebound.
11:04 of 1st period - Vincent Trocheck wins face-off versus Jared McCann in Rangers zone.
11:04 of 1st period - David Savard is hit by Jake Virtanen and loses puck.
11:13 of 1st period - Off-side.
11:14 of 1st period - Nick Bonino wins face-off versus Anze Kopitar in neutral zone.
11:50 of 1st period - Justin Faulk is hit by Cal Clutterbuck and loses puck.
12:22 of 1st period - Shot by Phillip Danault.
12:22 of 1st period - Shot Misses the Net.
12:24 of 1st period - Shot by Brandon Carlo.
12:24 of 1st period - Shot Blocked by Erik Cernak.
12:28 of 1st period - Shot by Kyle Palmieri.
12:28 of 1st period - Shot Misses the Net.
12:32 of 1st period - Shot by Phillip Danault.
12:32 of 1st period - Stopped by Andrei Vasilevskiy with a rebound.
12:34 of 1st period - Shot by Adam Larsson.
12:34 of 1st period - Shot Misses the Net.
12:36 of 1st period - Shot by Phillip Danault.
12:36 of 1st period - Stopped by Andrei Vasilevskiy without a rebound.
12:37 of 1st period - Connor McDavid wins face-off versus Jared McCann in Rangers zone.
12:39 of 1st period - Icing by Alexander Radulov.
12:40 of 1st period - Jared McCann wins face-off versus Connor McDavid in Rangers zone.
12:41 of 1st period - Shot by Jake Virtanen.
12:41 of 1st period - Stopped by Andrei Vasilevskiy without a rebound.
12:42 of 1st period - Jared McCann wins face-off versus Connor McDavid in Rangers zone.
12:43 of 1st period - Shot by Lawson Crouse.
12:43 of 1st period - Stopped by Andrei Vasilevskiy without a rebound.
12:44 of 1st period - Connor McDavid wins face-off versus Phillip Danault in Rangers zone.
12:44 of 1st period - Connor McDavid is hit by Phillip Danault.
12:49 of 1st period - Icing by Zach Hyman.
12:50 of 1st period - Anze Kopitar wins face-off versus Connor McDavid in Rangers zone.
12:59 of 1st period - Shot by Zach Hyman.
12:59 of 1st period - Stopped by Jacob Markstrom without a rebound.
13:00 of 1st period - Vincent Trocheck wins face-off versus Phillip Danault in BlackHawks zone.
13:27 of 1st period - Minor Penalty to Vincent Trocheck for Tripping.
13:28 of 1st period - Anze Kopitar wins face-off versus Zach Hyman in Rangers zone.
13:31 of 1st period - Shot by Anze Kopitar.
13:31 of 1st period - Shot Misses the Net.
13:33 of 1st period - Shot by Anze Kopitar.
13:33 of 1st period - Goal by Anze Kopitar - BlackHawks : 2 - Rangers : 0.
13:34 of 1st period - Connor McDavid wins face-off versus Jaden Schwartz in neutral zone.
13:39 of 1st period - Shot by Alexander Radulov.
13:39 of 1st period - Shot Misses the Net.
13:43 of 1st period - Shot by Matt Niskanen.
13:43 of 1st period - Shot Misses the Net.
13:54 of 1st period - Connor McDavid is hit by Brandon Carlo and loses puck.
14:40 of 1st period - Andrew Ladd is hit by Erik Johnson.
15:20 of 1st period - Shot by Kyle Palmieri.
15:20 of 1st period - Shot Misses the Net.
15:22 of 1st period - Shot by Scott Laughton.
15:22 of 1st period - Stopped by Andrei Vasilevskiy without a rebound.
15:23 of 1st period - Brandon Pirri wins face-off versus Ivan Barbashev in Rangers zone.
15:35 of 1st period - Brandon Pirri is hit by John Marino and loses puck.
15:54 of 1st period - Shot by Devin Shore.
15:54 of 1st period - Stopped by Jacob Markstrom with a rebound.
16:09 of 1st period - Curtis Lazar is hit by Matt Niskanen and loses puck.
17:22 of 1st period - Icing by David Savard.
17:23 of 1st period - Nick Bonino wins face-off versus Phillip Danault in Rangers zone.
17:42 of 1st period - Shot by Brandon Carlo.
17:42 of 1st period - Shot Misses the Net.
18:04 of 1st period - Shot by Cam Atkinson.
18:04 of 1st period - Deflect By Andrew Ladd.
18:04 of 1st period - Stopped by Jacob Markstrom without a rebound.
18:05 of 1st period - Jared McCann wins face-off versus Brandon Pirri in BlackHawks zone.
18:05 of 1st period - Jared McCann is hit by Milan Lucic.
19:14 of 1st period - Shot by Jaden Schwartz.
19:14 of 1st period - Shot Blocked by Nick Leddy.
19:17 of 1st period - Icing by Nick Leddy.
19:18 of 1st period - Connor McDavid wins face-off versus Phillip Danault in Rangers zone.
19:18 of 1st period - Connor McDavid is hit by Scott Laughton.
19:23 of 1st period - Alexander Radulov is hit by Brandon Carlo and loses puck.
19:30 of 1st period - Matt Niskanen is hit by Phillip Danault and loses puck.
19:35 of 1st period - Shot by Kyle Palmieri.
19:35 of 1st period - Shot Misses the Net.
19:37 of 1st period - Shot by Phillip Danault.
19:37 of 1st period - Shot Misses the Net.
19:39 of 1st period - Shot by Brandon Carlo.
19:39 of 1st period - Shot Blocked by Matt Niskanen.
Goals for this period are 2 for BlackHawks vs 0 for Rangers.
Shots for this period are 14 for BlackHawks vs 5 for Rangers.

2nd period


0:01 of 2nd period - Vincent Trocheck wins face-off versus Anze Kopitar in neutral zone.
1:03 of 2nd period - Shot by Zach Hyman.
1:03 of 2nd period - Goal by Zach Hyman - BlackHawks : 2 - Rangers : 1.
1:04 of 2nd period - Nick Bonino wins face-off versus Jared McCann in neutral zone.
1:19 of 2nd period - Shot by Jared McCann.
1:19 of 2nd period - Stopped by Andrei Vasilevskiy without a rebound.
1:20 of 2nd period - Phillip Danault wins face-off versus Connor McDavid in Rangers zone.
1:31 of 2nd period - Shot by Phillip Danault.
1:31 of 2nd period - Goal by Phillip Danault - BlackHawks : 3 - Rangers : 1.
1:32 of 2nd period - Vincent Trocheck wins face-off versus Jared McCann in neutral zone.
1:35 of 2nd period - Jake Virtanen is hit by Vincent Trocheck and loses puck.
1:52 of 2nd period - Shot by Lawson Crouse.
1:52 of 2nd period - Stopped by Andrei Vasilevskiy without a rebound.
1:53 of 2nd period - Connor McDavid wins face-off versus Anze Kopitar in Rangers zone.
1:59 of 2nd period - Off-side.
2:00 of 2nd period - Connor McDavid wins face-off versus Phil Kessel in neutral zone.
2:51 of 2nd period - Phillip Danault is hit by Matt Niskanen and loses puck.
3:04 of 2nd period - Shot by Kyle Palmieri.
3:04 of 2nd period - Stopped by Andrei Vasilevskiy without a rebound.
3:05 of 2nd period - Jared McCann wins face-off versus Vincent Trocheck in Rangers zone.
4:14 of 2nd period - Icing by Justin Faulk.
4:15 of 2nd period - Phillip Danault wins face-off versus Brandon Pirri in BlackHawks zone.
4:15 of 2nd period - Justin Faulk is hit by Devin Shore and loses puck.
4:30 of 2nd period - Scott Laughton is hit by Matt Niskanen.
4:35 of 2nd period - Kyle Palmieri is hit by Matt Niskanen and loses puck.
4:36 of 2nd period - Kyle Palmieri from BlackHawks is injured at 4:36 of 2nd period (Right Knee).
4:37 of 2nd period - Anze Kopitar wins face-off versus Connor McDavid in Rangers zone.
4:43 of 2nd period - Icing by Dmitry Kulikov.
4:44 of 2nd period - Anze Kopitar wins face-off versus Connor McDavid in Rangers zone.
5:02 of 2nd period - Icing by Dmitry Kulikov.
5:03 of 2nd period - Phillip Danault wins face-off versus Zach Hyman in Rangers zone.
5:18 of 2nd period - Shot by Connor McDavid.
5:18 of 2nd period - Shot Misses the Net.
5:22 of 2nd period - Shot by Alexander Radulov.
5:22 of 2nd period - Shot Blocked by Brandon Carlo.
5:56 of 2nd period - Shot by Cam Atkinson.
5:56 of 2nd period - Shot Misses the Net.
6:06 of 2nd period - Shot by Jaden Schwartz.
6:06 of 2nd period - Shot Misses the Net.
6:35 of 2nd period - Icing by Nick Leddy.
6:36 of 2nd period - Ivan Barbashev wins face-off versus Vincent Trocheck in Rangers zone.
6:47 of 2nd period - Shot by Denis Malgin.
6:47 of 2nd period - Shot Misses the Net.
7:03 of 2nd period - Shot by Noel Acciari.
7:03 of 2nd period - Stopped by Jacob Markstrom without a rebound.
7:04 of 2nd period - Connor McDavid wins face-off versus Lawson Crouse in BlackHawks zone.
7:19 of 2nd period - Shot by Connor McDavid.
7:19 of 2nd period - Shot Blocked by Brandon Carlo.
7:31 of 2nd period - Shot by Scott Laughton.
7:31 of 2nd period - Shot Misses the Net.
8:52 of 2nd period - Shot by Denis Malgin.
8:52 of 2nd period - Shot Misses the Net.
9:22 of 2nd period - Matt Niskanen is hit by Adam Larsson.
10:19 of 2nd period - Icing by Alexander Radulov.
10:20 of 2nd period - Connor McDavid wins face-off versus Jared McCann in Rangers zone.
10:20 of 2nd period - Connor McDavid is hit by Jake Virtanen.
10:39 of 2nd period - Shot by Jake Virtanen.
10:39 of 2nd period - Shot Blocked by Erik Cernak.
10:49 of 2nd period - Shot by Alexander Radulov.
10:49 of 2nd period - Shot Misses the Net.
10:52 of 2nd period - Icing by Ben Hutton.
10:53 of 2nd period - Nick Bonino wins face-off versus Jared McCann in BlackHawks zone.
12:06 of 2nd period - Shot by Vincent Trocheck.
12:06 of 2nd period - Stopped by Jacob Markstrom with a rebound.
12:08 of 2nd period - Shot by David Savard.
12:08 of 2nd period - Deflect By Cam Atkinson.
12:08 of 2nd period - Goal by Cam Atkinson - BlackHawks : 3 - Rangers : 2.
12:09 of 2nd period - Connor McDavid wins face-off versus Phillip Danault in neutral zone.
12:18 of 2nd period - Shot by Connor McDavid.
12:18 of 2nd period - Stopped by Jacob Markstrom without a rebound.
12:19 of 2nd period - Anze Kopitar wins face-off versus Brandon Pirri in BlackHawks zone.
12:19 of 2nd period - Anze Kopitar is hit by Milan Lucic.
12:46 of 2nd period - Icing by Brandon Pirri.
12:47 of 2nd period - Brandon Pirri wins face-off versus Phillip Danault in Rangers zone.
12:47 of 2nd period - Erik Cernak is hit by Scott Laughton and loses puck.
14:00 of 2nd period - Shot by Connor McDavid.
14:00 of 2nd period - Stopped by Jacob Markstrom without a rebound.
14:01 of 2nd period - Vincent Trocheck wins face-off versus Ivan Barbashev in BlackHawks zone.
14:01 of 2nd period - Andrew Ladd is hit by John Marino and loses puck.
14:20 of 2nd period - Shot by Curtis Lazar.
14:20 of 2nd period - Shot Blocked by David Savard.
14:22 of 2nd period - Shot by Denis Malgin.
14:22 of 2nd period - Stopped by Andrei Vasilevskiy without a rebound.
14:23 of 2nd period - Nick Bonino wins face-off versus Phil Kessel in Rangers zone.
14:23 of 2nd period - Nick Bonino is hit by Jaden Schwartz.
14:32 of 2nd period - Icing by Nick Bonino.
14:33 of 2nd period - Anze Kopitar wins face-off versus Nick Bonino in Rangers zone.
15:06 of 2nd period - Phil Kessel is hit by Matt Niskanen and loses puck.
16:04 of 2nd period - Shot by Connor McDavid.
16:04 of 2nd period - Deflect By Alexander Radulov.
16:04 of 2nd period - Stopped by Jacob Markstrom without a rebound.
16:05 of 2nd period - Ivan Barbashev wins face-off versus Cam Atkinson in BlackHawks zone.
16:18 of 2nd period - Shot by Ivan Barbashev.
16:18 of 2nd period - Stopped by Andrei Vasilevskiy with a rebound.
16:22 of 2nd period - Shot by Denis Malgin.
16:22 of 2nd period - Stopped by Andrei Vasilevskiy without a rebound.
16:23 of 2nd period - Jared McCann wins face-off versus Brandon Pirri in Rangers zone.
16:42 of 2nd period - Shot by Jake Virtanen.
16:42 of 2nd period - Stopped by Andrei Vasilevskiy without a rebound.
16:43 of 2nd period - Vincent Trocheck wins face-off versus Phillip Danault in Rangers zone.
16:58 of 2nd period - Scott Laughton is hit by Andrew Ladd and loses puck.
17:09 of 2nd period - Shot by Vincent Trocheck.
17:09 of 2nd period - Shot Blocked by John Marino.
17:11 of 2nd period - Shot by Cam Atkinson.
17:11 of 2nd period - Goal by Cam Atkinson - BlackHawks : 3 - Rangers : 3.
17:12 of 2nd period - Anze Kopitar wins face-off versus Connor McDavid in neutral zone.
17:12 of 2nd period - Erik Johnson is hit by Zach Hyman.
17:15 of 2nd period - Jaden Schwartz is hit by Nick Leddy and loses puck.
17:39 of 2nd period - Shot by Anze Kopitar.
17:39 of 2nd period - Stopped by Andrei Vasilevskiy without a rebound.
17:40 of 2nd period - Nick Bonino wins face-off versus Ivan Barbashev in Rangers zone.
17:55 of 2nd period - Icing by David Savard.
17:56 of 2nd period - Nick Bonino wins face-off versus Phillip Danault in Rangers zone.
17:56 of 2nd period - Nick Bonino is hit by Lawson Crouse.
18:22 of 2nd period - Shot by Noel Acciari.
18:22 of 2nd period - Shot Misses the Net.
18:24 of 2nd period - Shot by Noel Acciari.
18:24 of 2nd period - Shot Misses the Net.
18:26 of 2nd period - Shot by Noel Acciari.
18:26 of 2nd period - Shot Blocked by Justin Faulk.
18:28 of 2nd period - Shot by Nick Bonino.
18:28 of 2nd period - Shot Misses the Net.
18:29 of 2nd period - Minor Penalty to Erik Johnson for Holding.
18:30 of 2nd period - Anze Kopitar wins face-off versus Connor McDavid in BlackHawks zone.
19:22 of 2nd period - Shot by Andrew Ladd.
19:22 of 2nd period - Stopped by Jacob Markstrom without a rebound.
19:23 of 2nd period - Vincent Trocheck wins face-off versus Anze Kopitar in BlackHawks zone.
19:23 of 2nd period - Zach Hyman is hit by Adam Larsson and loses puck.
19:37 of 2nd period - Shot by Noel Acciari.
19:37 of 2nd period - Shot Misses the Net.
19:43 of 2nd period - Shot by Vincent Trocheck.
19:43 of 2nd period - Shot Misses the Net.
19:45 of 2nd period - Shot by Ryan McDonagh.
19:45 of 2nd period - Shot Hit the Post.
19:47 of 2nd period - Shot by Ryan McDonagh.
19:47 of 2nd period - Goal by Ryan McDonagh - BlackHawks : 3 - Rangers : 4.
19:48 of 2nd period - Jared McCann wins face-off versus Brandon Pirri in neutral zone.
19:53 of 2nd period - Shot by Jake Virtanen.
19:53 of 2nd period - Stopped by Andrei Vasilevskiy without a rebound.
19:54 of 2nd period - Lawson Crouse wins face-off versus Devin Shore in Rangers zone.
Goals for this period are 1 for BlackHawks vs 4 for Rangers.
Shots for this period are 10 for BlackHawks vs 10 for Rangers.

3rd period


0:01 of 3rd period - Anze Kopitar wins face-off versus Zach Hyman in neutral zone.
0:11 of 3rd period - Connor McDavid is hit by Jaden Schwartz and loses puck.
0:16 of 3rd period - Shot by Matt Niskanen.
0:16 of 3rd period - Shot Misses the Net.
0:18 of 3rd period - Shot by Nick Leddy.
0:18 of 3rd period - Shot Blocked by Erik Johnson.
0:21 of 3rd period - Zach Hyman is hit by Erik Johnson and loses puck.
0:28 of 3rd period - Shot by Matt Niskanen.
0:28 of 3rd period - Deflect By Alexander Radulov.
0:28 of 3rd period - Shot Misses the Net.
0:30 of 3rd period - Shot by Matt Niskanen.
0:30 of 3rd period - Goal by Matt Niskanen - BlackHawks : 3 - Rangers : 5.
0:30 of 3rd period - Jake Allen enters game.
0:31 of 3rd period - Phillip Danault wins face-off versus Vincent Trocheck in neutral zone.
0:42 of 3rd period - Shot by Andrew Ladd.
0:42 of 3rd period - Deflect By Cam Atkinson.
0:42 of 3rd period - Shot Blocked by Phillip Danault.
1:05 of 3rd period - Vincent Trocheck is hit by Brandon Carlo and loses puck.
1:07 of 3rd period - Minor Penalty to Brandon Carlo for Roughing.
1:08 of 3rd period - Connor McDavid wins face-off versus Phillip Danault in BlackHawks zone.
1:30 of 3rd period - Connor McDavid is hit by Justin Faulk and loses puck.
1:55 of 3rd period - Icing by Nick Leddy.
1:56 of 3rd period - Connor McDavid wins face-off versus Jaden Schwartz in Rangers zone.
1:56 of 3rd period - Connor McDavid is hit by Jaden Schwartz.
2:09 of 3rd period - Icing by Connor McDavid.
2:10 of 3rd period - Anze Kopitar wins face-off versus Connor McDavid in Rangers zone.
2:10 of 3rd period - Anze Kopitar is hit by Matt Niskanen.
2:14 of 3rd period - Shot by Ivan Barbashev.
2:14 of 3rd period - Stopped by Andrei Vasilevskiy with a rebound.
2:17 of 3rd period - Icing by Matt Niskanen.
2:18 of 3rd period - Anze Kopitar wins face-off versus Connor McDavid in Rangers zone.
2:51 of 3rd period - Shot by Vincent Trocheck.
2:51 of 3rd period - Shot Blocked by Ben Hutton.
2:53 of 3rd period - Shot by Noel Acciari.
2:53 of 3rd period - Stopped by Jake Allen with a rebound.
2:55 of 3rd period - Shot by Noel Acciari.
2:55 of 3rd period - Shot Misses the Net.
2:57 of 3rd period - Shot by Ryan McDonagh.
2:57 of 3rd period - Deflect By Noel Acciari.
2:57 of 3rd period - Stopped by Jake Allen without a rebound.
2:58 of 3rd period - Vincent Trocheck wins face-off versus Anze Kopitar in BlackHawks zone.
3:05 of 3rd period - Shot by Anze Kopitar.
3:05 of 3rd period - Shot Misses the Net.
4:04 of 3rd period - Off-side.
4:05 of 3rd period - Connor McDavid wins face-off versus Ivan Barbashev in neutral zone.
4:19 of 3rd period - Connor McDavid is hit by Adam Larsson and loses puck.
5:01 of 3rd period - Shot by Jaden Schwartz.
5:01 of 3rd period - Shot Misses the Net.
5:17 of 3rd period - Shot by Anze Kopitar.
5:17 of 3rd period - Stopped by Andrei Vasilevskiy without a rebound.
5:18 of 3rd period - Vincent Trocheck wins face-off versus Phillip Danault in Rangers zone.
5:43 of 3rd period - Shot by Vincent Trocheck.
5:43 of 3rd period - Shot Blocked by John Marino.
5:45 of 3rd period - Shot by Ryan McDonagh.
5:45 of 3rd period - Shot Misses the Net.
5:55 of 3rd period - Shot by Cam Atkinson.
5:55 of 3rd period - Shot Misses the Net.
6:15 of 3rd period - Shot by Noel Acciari.
6:15 of 3rd period - Deflect By Nick Bonino.
6:15 of 3rd period - Shot Misses the Net.
6:33 of 3rd period - Shot by Noel Acciari.
6:33 of 3rd period - Stopped by Jake Allen with a rebound.
7:08 of 3rd period - Shot by Devin Shore.
7:08 of 3rd period - Shot Misses the Net.
7:38 of 3rd period - Anze Kopitar is hit by Alexander Radulov and loses puck.
7:50 of 3rd period - Phil Kessel is hit by Connor McDavid and loses puck.
7:59 of 3rd period - Anze Kopitar is hit by Alexander Radulov and loses puck.
8:06 of 3rd period - Shot by Ryan McDonagh.
8:06 of 3rd period - Shot Blocked by Justin Faulk.
8:34 of 3rd period - Shot by Curtis Lazar.
8:34 of 3rd period - Stopped by Andrei Vasilevskiy with a rebound.
8:36 of 3rd period - Shot by Curtis Lazar.
8:36 of 3rd period - Goal by Curtis Lazar - BlackHawks : 4 - Rangers : 5.
8:37 of 3rd period - Ivan Barbashev wins face-off versus Cal Clutterbuck in neutral zone.
9:17 of 3rd period - Minor Penalty to Ryan McDonagh for Hooking.
9:18 of 3rd period - Vincent Trocheck wins face-off versus Anze Kopitar in Rangers zone.
9:44 of 3rd period - Shot by Vincent Trocheck.
9:44 of 3rd period - Shot Misses the Net.
9:46 of 3rd period - Shot by Cal Clutterbuck.
9:46 of 3rd period - Goal by Cal Clutterbuck - BlackHawks : 4 - Rangers : 6.
9:47 of 3rd period - Nick Bonino wins face-off versus Phillip Danault in neutral zone.
10:03 of 3rd period - Off-side.
10:04 of 3rd period - Nick Bonino wins face-off versus Anze Kopitar in neutral zone.
10:29 of 3rd period - Shot by Jaden Schwartz.
10:29 of 3rd period - Stopped by Andrei Vasilevskiy without a rebound.
10:30 of 3rd period - Vincent Trocheck wins face-off versus Phillip Danault in Rangers zone.
12:05 of 3rd period - Icing by John Marino.
12:06 of 3rd period - Alexander Radulov wins face-off versus Ivan Barbashev in BlackHawks zone.
12:59 of 3rd period - Shot by Phil Kessel.
12:59 of 3rd period - Deflect By Jaden Schwartz.
12:59 of 3rd period - Stopped by Andrei Vasilevskiy without a rebound.
13:00 of 3rd period - Vincent Trocheck wins face-off versus Jared McCann in Rangers zone.
13:05 of 3rd period - Adam Larsson is hit by Vincent Trocheck and loses puck.
13:20 of 3rd period - Shot by Vincent Trocheck.
13:20 of 3rd period - Stopped by Jake Allen with a rebound.
13:25 of 3rd period - Vincent Trocheck is hit by Adam Larsson and loses puck.
13:59 of 3rd period - Brandon Carlo is hit by Noel Acciari and loses puck.
15:01 of 3rd period - Shot by Jaden Schwartz.
15:01 of 3rd period - Stopped by Andrei Vasilevskiy with a rebound.
15:17 of 3rd period - Shot by Phil Kessel.
15:17 of 3rd period - Shot Misses the Net.
15:26 of 3rd period - Ryan McDonagh is hit by Anze Kopitar and loses puck.
15:30 of 3rd period - Off-side.
15:31 of 3rd period - Phillip Danault wins face-off versus Connor McDavid in neutral zone.
16:32 of 3rd period - Shot by Cam Atkinson.
16:32 of 3rd period - Shot Blocked by John Marino.
16:56 of 3rd period - Shot by Cam Atkinson.
16:56 of 3rd period - Shot Hit the Post.
16:58 of 3rd period - Shot by Vincent Trocheck.
16:58 of 3rd period - Shot Misses the Net.
17:29 of 3rd period - Shot by Noel Acciari.
17:29 of 3rd period - Deflect By Cal Clutterbuck.
17:29 of 3rd period - Stopped by Jake Allen without a rebound.
17:30 of 3rd period - Anze Kopitar wins face-off versus Brandon Pirri in BlackHawks zone.
17:30 of 3rd period - Anze Kopitar is hit by Milan Lucic.
17:43 of 3rd period - Anze Kopitar is hit by Erik Cernak and loses puck.
17:54 of 3rd period - Shot by Phil Kessel.
17:54 of 3rd period - Shot Misses the Net.
18:45 of 3rd period - Lawson Crouse is hit by Matt Niskanen.
19:01 of 3rd period - Icing by Nick Leddy.
19:02 of 3rd period - Connor McDavid wins face-off versus Anze Kopitar in Rangers zone.
19:22 of 3rd period - Shot by Anze Kopitar.
19:22 of 3rd period - Deflect By Curtis Lazar.
19:22 of 3rd period - Shot Misses the Net.
19:24 of 3rd period - Shot by Justin Faulk.
19:24 of 3rd period - Shot Misses the Net.
19:26 of 3rd period - Shot by Justin Faulk.
19:26 of 3rd period - Stopped by Andrei Vasilevskiy without a rebound.
19:27 of 3rd period - Anze Kopitar wins face-off versus Vincent Trocheck in Rangers zone.
19:32 of 3rd period - Shot by Anze Kopitar.
19:32 of 3rd period - Stopped by Andrei Vasilevskiy with a rebound.
19:38 of 3rd period - Shot by Jaden Schwartz.
19:38 of 3rd period - Stopped by Andrei Vasilevskiy without a rebound.
19:39 of 3rd period - Phillip Danault wins face-off versus Nick Bonino in Rangers zone.
19:42 of 3rd period - Shot by Phillip Danault.
19:42 of 3rd period - Stopped by Andrei Vasilevskiy without a rebound.
19:43 of 3rd period - Vincent Trocheck wins face-off versus Jared McCann in Rangers zone.
19:48 of 3rd period - Shot by Vincent Trocheck.
19:48 of 3rd period - Shot Misses the Net.
19:50 of 3rd period - Shot by Cam Atkinson.
19:50 of 3rd period - Stopped by Jake Allen with a rebound.
Goals for this period are 1 for BlackHawks vs 2 for Rangers.
Shots for this period are 11 for BlackHawks vs 8 for Rangers.